 Dungeon Crawl Stone Soup version 0.28.0 (webtiles) character file.

Game seed: 1515153059662116739

8586 Ayyar the Cleaver (level 11, -4/97 HPs)
             Began as a Hill Orc Fighter on Apr 19, 2022.
             Was a Priest of Beogh.
             Slain by a 12-headed hydra (5 damage)
             ... on level 11 of the Dungeon.
             The game lasted 00:30:54 (11082 turns).

Ayyar the Cleaver (Hill Orc Fighter)               Turns: 11082, Time: 00:30:55

Health: -4/97      AC: 13    Str: 24    XL:     11   Next: 33%
Magic:  12/17      EV:  8    Int:  8    God:    Beogh [***...]
Gold:   738        SH:  5    Dex: 10    Spells: 10/10 levels left

rFire   + . .      SeeInvis .   a - +7 hand axe of No Interval {drain, rN+}
rCold   + . .      Faith    .   c - +0 buckler
rNeg    + . .      Spirit   .   p - +0 chain mail {rC+}
rPois   .          Reflect  .   (no helmet)
rElec   .          Harm     .   x - +0 cloak
rCorr   .          Rampage  .   t - +0 pair of gloves
Will    .....                   (no boots)
Stlth   ..........              (no amulet)
HPRegen 0.26/turn               u - ring of protection from fire
MPRegen 0.15/turn               (no ring)

@: studying Throwing
A: no striking features
a: Renounce Religion, Smiting


You were on level 11 of the Dungeon.
You worshipped Beogh.
Beogh was most pleased with you.
You visited 2 branches of the dungeon, and saw 12 of its levels.

You collected 738 gold pieces.

Inventory:

Hand Weapons
 a - the +7 hand axe of No Interval (weapon) {drain, rN+}
   (You found it on level 2 of the Dungeon)

   A truly terrible weapon, it drains the life of any living foe it strikes.
   rN:        It protects you from negative energy.
 o - a +0 war axe
 z - a +5 dire flail
Missiles
 k - 9 boomerangs (quivered)
Armour
 c - a +0 buckler (worn)
 l - a +0 tower shield
 p - a +0 chain mail of cold resistance (worn)
 t - a +0 pair of gloves (worn)
 x - a +0 cloak (worn)
Jewellery
 u - a ring of protection from fire (left hand)
 C - a ring of poison resistance
Scrolls
 b - a scroll of magic mapping {unknown}
 e - 2 scrolls of identify
 f - 2 scrolls of fear
 h - 3 scrolls of amnesia {unknown}
 j - a scroll of vulnerability {unknown}
 m - 6 scrolls of teleportation {unknown}
 q - a scroll of brand weapon
 s - 3 scrolls of enchant weapon {unknown}
 w - a scroll of holy word {unknown}
 y - 2 scrolls of noise {unknown}
Potions
 d - 2 potions of might
 g - 2 potions of degeneration
 i - 4 potions of curing
 n - 2 potions of flight
 r - a potion of attraction
 v - 2 potions of mutation
 A - a potion of lignification {unknown}
 B - a potion of resistance {unknown}


   Skills:
 + Level 9.2 Fighting
 * Level 13.2 Axes
 + Level 4.5 Throwing
 + Level 8.3 Armour
 + Level 8.4 Shields
 + Level 8.2 Invocations


You had 10 spell levels left.
You didn't know any spells.
Your spell library contained the following spells:

 Spells                   Type           Power      Damage    Failure   Level
 Animate Skeleton         Necr           0%         N/A       97%         1
 Apportation              Tloc           0%         N/A       97%         1
 Foxfire                  Conj/Fire      0%         2x1d4     97%         1
 Summon Small Mammal      Summ           0%         N/A       97%         1
 Corpse Rot               Necr/Air       0%         N/A       99%         2
 Poisonous Vapours        Pois/Air       0%         N/A       99%         2
 Conjure Flame            Conj/Fire      0%         6-21      100%        3
 Ignite Poison            Fire/Tmut/Pois 0%         N/A       100%        3
 Inner Flame              Hex/Fire       0%         N/A       100%        3
 Cause Fear               Hex            0%         N/A       100%        4
 Flame Wave               Conj/Fire      0%         2d4       100%        4
 Sticky Flame             Conj/Fire      0%         2d3       100%        4
 Alistair's Intoxication  Tmut/Pois      0%         N/A       100%        5
 Borgnjor's Vile Clutch   Necr/Erth      0%         N/A       100%        5
 Fireball                 Conj/Fire      0%         3d3       100%        5
 Iskenderun's Battlesphe  Conj           0%         2d6       100%        5
 Conjure Ball Lightning   Conj/Air       0%         3x3d6     100%        6
 Eringya's Noxious Bog    Tmut/Pois      0%         N/A       100%        6
 Dragon Form              Tmut           0%         N/A       100%        7
 Orb of Destruction       Conj           0%         9d5       100%        7
 Dragon's Call            Summ           0%         N/A       100%        9


Dungeon Overview and Level Annotations

Branches:
Dungeon (11/15)            Temple (1/1) D:7            Lair (0/6) D:9
    Orc (0/2) D:10

Altars:
Hepliaklqana

Shops:
D:1 :


Message History

The 11-headed hydra misses your orc knight. x2
The 11-headed hydra completely misses your orc knight.
Your orc hits the 11-headed hydra with a +0 club.
Aiming: Smiting
Press: ? - help, Dir - move target, f/p - 11-headed hydra Smite: an 11-headed hydra (heavily wounded, lightly drained, ally target)
You smite the 11-headed hydra!!
The 11-headed hydra is severely wounded.
The orc wizard mumbles some strange words.
The orc wizard flickers and vanishes!
Deactivating autopickup; reactivate with Ctrl-A.
Your orc knight hits the 11-headed hydra with a +2 dagger of venom!
The 11-headed hydra bites your orc knight! x4
Your orc knight dies!
The 11-headed hydra bites you!
The 11-headed hydra completely misses you.
The 11-headed hydra bites you but does no damage. x2
The 11-headed hydra bites you! x2
The 11-headed hydra bites you but does no damage.
You chop one of the 11-headed hydra's heads off!
The ten-headed hydra grows two more!
You slash the 12-headed hydra!
The 12-headed hydra is almost dead.
You hit something.
You hear some strange, mumbled words.
A puff of flame appears from out of thin air!
The puff of flame hits you. You resist. The 12-headed hydra bites you.
The 12-headed hydra bites you but does no damage. x2
The 12-headed hydra bites you. x3
* * * LOW HITPOINT WARNING * * *
The 12-headed hydra bites you but does no damage.
The 12-headed hydra bites you!
* * * LOW HITPOINT WARNING * * *
The 12-headed hydra bites you!
* * * LOW HITPOINT WARNING * * *
The 12-headed hydra bites you.
* * * LOW HITPOINT WARNING * * *
The 12-headed hydra bites you.
* * * LOW HITPOINT WARNING * * *
The 12-headed hydra bites you.
You die...

###..####
##.)............
#####..##
#...#..........)
##.#...##
##..####.........
.....###
##o.##..##o.......
.....##
##.o##....##.o.....
......# ##o.##(....
###..... ......#
#.o##...... ##....
......#
##oo#{...... ##..#
......#
#.o#@D...... ##..
......#
#..#.)o....<. ###
......#
#..#.......... #
......#
#..##..........
......#
#?.##...........
...... #..
#........... .....#
.. ###.........
....## #####.....
###... #####


You could see a 12-headed hydra (drained, ally target), 2 friendly orc warriors,
a friendly orc priest (strong) and 2 friendly orcs.

Vanquished Creatures
  3 two-headed ogres
  Maggie (D:6)
  A komodo dragon (D:7)
  A kobold demonologist (D:11)
  4 yaks (D:11)
  A wyvern (D:9)
  3 steam dragons
  2 water moccasins
  2 ice beasts
  3 orc warriors
  A necrophage (D:7)
  A sky beast (D:8)
  A black bear (D:6)
  2 ogres (D:5)
  5 centaurs
  6 bullfrogs
  A gnoll sergeant (D:10)
  A scorpion (D:5)
  A water moccasin zombie (D:6)
  A wyvern skeleton (D:6)
  A killer bee (D:10)
  4 wights (D:8)
  2 bullfrog zombies
  2 howler monkeys
  2 centaur zombies
  A jelly (D:7)
  3 hounds
  Crazy Yiuf (D:7)
  7 orc priests
  2 bullfrog skeletons
  Jessica (D:2)
  17 orc wizards
  Natasha (thrice) (D:2)
  A hound skeleton (D:4)
  A howler monkey zombie (D:8)
  7 gnolls
  5 adders
  A howler monkey skeleton (D:7)
  A shadow imp (D:6)
  2 white imps
  3 ufetubi
  An adder skeleton (D:4)
  A worm (D:2)
  2 dart slugs
  34 orcs
  2 endoplasms
  5 giant cockroaches
  5 goblins
  7 hobgoblins
  4 quokkas
  4 ball pythons
  7 bats
  6 frilled lizards
  2 kobolds
  4 rats
192 creatures vanquished.

Vanquished Creatures (collateral kills)
  A boulder beetle (D:11)
  A gargoyle (D:11)
  5 yaks (D:11)
  An acid dragon (D:11)
  4 killer bees (D:10)
  A centaur zombie (D:9)
  An orc wizard (D:10)
  A gnoll (D:10)
  2 orcs
17 creatures vanquished.

Vanquished Creatures (others)
  An orc knight (D:11)
  An orc priest (D:3)
  An orc wizard (D:9)
  2 orcs
  7 fungi (D:9)
  12 plants (D:9)
24 creatures vanquished.

Grand Total: 233 creatures vanquished

Notes
Turn   | Place    | Note
-------+----------+-------------------------------------------
     0 | D:1      | Ayyar the Hill Orc Fighter began the quest for the Orb.
     0 | D:1      | Reached XP level 1. HP: 19/19 MP: 1/1
   198 | D:1      | Reached XP level 2. HP: 27/27 MP: 2/2
   202 | D:1      | Reached skill level 3 in Axes
   429 | D:1      | Found Zac Ero's Book Boutique.
  1434 | D:2      | Noticed Jessica
  1438 | D:2      | Killed Jessica
  1439 | D:2      | Reached XP level 3. HP: 33/33 MP: 3/3
  1592 | D:2      | Found a faded altar of an unknown god.
  1626 | D:2      | Reached skill level 4 in Axes
  1626 | D:2      | Reached XP level 4. HP: 40/40 MP: 4/4
  1645 | D:2      | Noticed Natasha
  1651 | D:2      | Killed Natasha
  1719 | D:2      | Noticed Natasha
  1731 | D:2      | Killed Natasha
  1794 | D:2      | Noticed Natasha
  1803 | D:2      | Killed Natasha
  1804 | D:2      | Reached XP level 5. HP: 20/47 MP: 5/5
  2018 | D:2      | Identified the +7 hand axe of No Interval {drain, rN+}
  2560 | D:3      | Became a worshipper of Beogh the Brigand
  2957 | D:3      | Reached skill level 5 in Axes
  3294 | D:3      | Reached XP level 6. HP: 55/55 MP: 6/6
  3636 | D:4      | Reached skill level 5 in Fighting
  4047 | D:4      | Reached skill level 1 in Invocations
  4192 | D:4      | Reached skill level 6 in Axes
  4453 | D:5      | Entered Level 5 of the Dungeon
  4462 | D:5      | Reached XP level 7. HP: 55/61 MP: 6/8
  4674 | D:5      | Reached skill level 5 in Armour
  4674 | D:5      | Reached skill level 5 in Shields
  4685 | D:5      | Reached skill level 7 in Axes
  4902 | D:5      | Reached * piety under Beogh
  4952 | D:5      | Reached XP level 8. HP: 61/70 MP: 10/10
  5318 | D:6      | Reached skill level 8 in Axes
  5621 | D:6      | Noticed Maggie
  5637 | D:6      | Killed Maggie
  5754 | D:6      | Reached skill level 9 in Axes
  5755 | D:6      | Reached XP level 9. HP: 57/78 MP: 12/12
  6152 | D:6      | Reached skill level 5 in Invocations
  6383 | D:6      | Reached ** piety under Beogh
  6429 | D:7      | Noticed a two-headed ogre
  6467 | D:7      | You fall into a shaft and drop 2 floors!
  6486 | D:9      | Reached skill level 10 in Axes
  7087 | D:7      | Killed a two-headed ogre
  7088 | D:7      | Reached skill level 11 in Axes
  7088 | D:7      | Reached XP level 10. HP: 82/88 MP: 10/14
  7534 | D:7      | Found a staircase to the Ecumenical Temple.
  7552 | Temple   | Entered the Ecumenical Temple
  7654 | D:7      | Found a runed translucent door.
  7655 | D:7      | Noticed Crazy Yiuf
  7663 | D:7      | Killed Crazy Yiuf
  8108 | D:8      | Reached *** piety under Beogh
  8292 | D:8      | Reached skill level 1 in Throwing
  8363 | D:8      | Found a hazy altar of Hepliaklqana.
  9149 | D:9      | Reached skill level 12 in Axes
  9241 | D:9      | Noticed a two-headed ogre
  9249 | D:9      | Killed a two-headed ogre
  9251 | D:9      | Found a staircase to the Lair.
  9424 | D:10     | Entered Level 10 of the Dungeon
  9441 | D:10     | Noticed a two-headed ogre
  9454 | D:10     | Killed a two-headed ogre
  9456 | D:10     | Reached XP level 11. HP: 30/95 MP: 16/16
  9912 | D:10     | Found a staircase to the Orcish Mines.
 10318 | D:11     | Identified the +2 hunting sling of the Scorpion {vorpal,
                  | Will+}
 10538 | D:11     | Noticed a boulder beetle
 10548 | D:11     | Killed a boulder beetle
 10549 | D:11     | Reached skill level 13 in Axes
 10878 | D:11     | Reached **** piety under Beogh
 11071 | D:11     | Noticed a seven-headed hydra
 11082 | D:11     | HP: 1/97 [12-headed hydra (4)]
 11082 | D:11     | Slain by a 12-headed hydra

Illustrated notes

Levels and vault maps discovered:
D:1:      minmay_arrival_diagonal_passages, layout_basic, serial_shops, shop,
          nicolae_concentric_dashed_squares_wild, hex_medium
D:2:      layout_loops_corners, ebering_ecumenical_altar_hall,
          lemuel_old_faithful, uniq_jessica, uniq_natasha
D:3:      layout_basic, hangedman_feature_mirror
D:4:      layout_basic
D:5:      layout_rooms, minmay_misc_feat_alley
D:6:      layout_basic, uniq_maggie
D:7:      layout_cave_pools, temple_fountains, minmay_manual_mail,
          uniq_crazy_yiuf_cottage
D:8:      layout_basic, worldfamousw_hep_ancestral_shrine
D:9:      layout_roguey, grunt_lair_entry_orc_guard_hut
D:10:     layout_rooms, orc_0_dummy, minmay_stone_trees_small
D:11:     layout_cave_pods, serial_shops, nicolae_shop_hallway_stairs
Temple:   kilobyte_greek_temple

Skill      XL: |  1  2  3  4  5  6  7  8  9 10 11 |
---------------+----------------------------------+-----
Axes           | 3 4 5 6 7 9 11 12 13 | 13.2
Fighting       | 4 5 6 8 9 |  9.2
Armour         | 4 5 6 7 8 |  8.3
Shields        | 4 5 6 7 8 |  8.4
Invocations    | 1 2 4 6 7 8 |  8.2
Throwing       | 3 4 |  4.5

Action                   |  1- 3 |  4- 6 |  7- 9 | 10-12 || total
-------------------------+-------+-------+-------+-------++-------
Melee: War axe           |    78 |    17 |       |       ||    95
       Hand axe          |       |    83 |   231 |   161 ||   475
Throw: Boomerang         |       |     5 |     4 |    11 ||    20
Invok: Convert to Beogh  |       |     1 |       |       ||     1
       Smiting           |       |       |     1 |     2 ||     3
  Use: Scroll            |       |       |     7 |       ||     7
 Stab: Distracted        |       |       |       |     2 ||     2
Armor: Scale mail        |    51 |     8 |       |       ||    59
       Chain mail        |       |    34 |    99 |    73 ||   206
Dodge: Dodged            |    26 |    19 |    58 |    33 ||   136
Block: Buckler           |    23 |    17 |    39 |    41 ||   120
